 Dungeon Crawl Stone Soup version 0.30-a0-224-ge52a3cb02f (webtiles) character file.

Game seed: 7254757194861529206

62036 qw the Severer (level 15, -3/95 HPs)
             Began as a Gargoyle Fighter on Oct 9, 2022.
             Was a High Priest of Okawaru.
             Killed by divine providence
             ... invoked by a smoke demon
              (11 damage)
             ... on level 2 of the Abyss.
             The game lasted 00:09:12 (21101 turns).

qw the Severer (Gargoyle Fighter)                  Turns: 21101, Time: 00:09:13

Health: -3/95      AC: 48    Str: 28    XL:     15   Next: 4%
Magic:  22/22      EV: 13    Int: 12    God:    Okawaru [*****.]
Gold:   218        SH: 15    Dex:  9    Spells: 14/14 levels left

rFire   + . .      SeeInvis .    k - +4 broad axe
rCold   . . .      Faith    .    y - +2 kite shield {AC+3}
rNeg    + . .      Spirit   .    A - +4 plate armour "Ratiad" {Int+4}
rPois   inf        Reflect  .    e - +2 helmet
rElec   +          Harm     .    j - +2 cloak
rCorr   +          Rampage  .    q - +2 pair of gloves
Will    +....                    o - +0 pair of boots "Buditem" {rCorr}
Stlth   ..........               m - amulet of the acrobat
HPRegen 0.35/turn                w - +4 ring of evasion
MPRegen 0.18/turn                a - ring of protection from fire

@: about to teleport, heroic, flying
A: sickness immunity, AC +11, big wings, negative energy resistance 1,
electricity resistance, torment resistance 1, petrification resistance,
camouflage 1, MP-powered wands
a: Renounce Religion, Heroism, Finesse, Duel


You were on level 2 of the Abyss.
You worshipped Okawaru.
Okawaru was extremely pleased with you.
You visited 3 branches of the dungeon, and saw 21 of its levels.
You visited the Abyss 1 time.
You also visited: Sewer.

You collected 1496 gold pieces.
You spent 1278 gold pieces at shops.


Innate Abilities, Weirdness & Mutations

You are immune to sickness and miasma.
Your stone body is resilient. (AC +11)
You are immune to poison.
Your large and strong wings let you fly.
You resist negative energy. (rN+)
You are resistant to electric shocks. (rElec)
You are resistant to unholy torment.
You are immune to petrification.
Your skin changes colour to match your surroundings (Stealth+).
You expend magic power (3 MP) to strengthen your wands.


   Skills:
 + Level 11.6(16.6) Fighting
 - Level 15.0(20.0) Axes
 - Level 5.0(10.0) Throwing
 - Level 11.0(16.0) Armour
 - Level 3.0(8.0) Dodging
 - Level 12.1(17.1) Shields
 - Level 10.0 Invocations


You had 14 spell levels left.
You didn't know any spells.
Your spell library was empty.

Inventory:

Hand Weapons
 k - a +4 broad axe (weapon)
 t - a +2 war axe of flaming
Missiles
 c - 3 boomerangs
 u - 6 javelins (quivered)
Armour
 e - a +2 helmet (worn)
 j - a +2 cloak (worn)
 o - the +0 pair of boots "Buditem" (worn) {rCorr}
   (Okawaru gifted it to you on level 2 of the Lair of Beasts)

   rCorr:     It protects you from acid and corrosion.
 q - a +2 pair of gloves (worn)
 y - a +2 kite shield of protection (worn)
 A - the +4 plate armour "Ratiad" (worn) {Int+4}
   (You bought it in a shop on level 11 of the Dungeon)

   Int:       It affects your intelligence (+4).
 B - +0 acid dragon scales
Jewellery
 a - a ring of protection from fire (right hand)
 b - a ring of resist corrosion
 m - an amulet of the acrobat (around neck)
 v - a ring of ice
 w - a +4 ring of evasion (left hand)
 x - a ring of positive energy
 Y - the ring of Daffodils {rC- Will+ Int+6 Dex+4}
   (You acquired it on level 4 of the Dungeon)

   [ring of intelligence]

   Int:       It affects your intelligence (+6).
   Dex:       It affects your dexterity (+4).
   rC:        It makes you vulnerable to cold.
   Will:      It increases your willpower.
Scrolls
 f - 14 scrolls of identify
 r - 3 scrolls of teleportation
Potions
 d - 3 potions of might
 h - a potion of resistance
 i - 6 potions of mutation
 l - 3 potions of haste
 n - 2 potions of lignification
 p - 7 potions of curing
 s - a potion of cancellation
 z - 3 potions of magic

Dungeon Overview and Level Annotations

Branches:
Dungeon (15/15)            Temple (1/1) D:4            Lair (5/5) D:9
 Shoals (0/4) Lair:2        Snake (0/4) Lair:2        Slime (0/5) Lair:4
    Orc (0/2) D:9          Vaults (0/5) D:13          Sewer (visited)
 Depths: D:15

Altars:
Ashenzari
Cheibriados
Dithmenos
Elyvilon
Fedhas
Gozag
Hepliaklqana
Kikubaaqudgha
Makhleb
Nemelex Xobeh
Okawaru
Qazlal
Ru
Sif Muna
Trog
Uskayaw
Vehumet
Wu Jian
Xom
Yredelemnul
Zin
The Shining One
Jiyva

Shops:
D:10 :   D:11 [   D:12 (

Annotations:
D:15 Louise
Lair:5 1 runed translucent door, qw's ghost, journeyman GrFi


Message History

21096 ||| READING 4 scrolls of teleportation.
As you read the scroll of teleportation, it crumbles to dust.
You feel strangely unstable.
You feel the power of the Abyss delaying your translocation!
Something hits you! Something bites you but does no damage.
The smoke demon gestures at you. The sticky flame misses you.
You hit the smoke demon.
The smoke demon is moderately wounded.
You barely miss something. Something hits you but does no damage.
Something bites you but does no damage.
The smoke demon hits you but does no damage.
The smoke demon closely misses you.
The smoke demon hits you but does no damage.
You slash the smoke demon!
The smoke demon is heavily wounded.
You closely miss something. Something completely misses you.
Something barely misses you. The smoke demon gestures at you.
You block the sticky flame.
You closely miss the smoke demon.
The smoke demon is heavily wounded.
You barely miss something. Something hits you.
Something bites you but does no damage.
You hit the smoke demon.
The smoke demon is severely wounded.
You hit something. Okawaru accepts your kill.
Reactivating autopickup.
You feel a bit more experienced.
You hit the large abomination but do no damage.
You block the smoke demon's attack. The smoke demon hits you.
You block the smoke demon's attack.
The large abomination hits you but does no damage.
You slash the smoke demon!
The smoke demon is almost dead.
You slice the large abomination!! The smoke demon gestures at you.
Something smites you!
You die...

. #. ## #.. . ยค
..## #. .#
..#.##...#.. ># #.
...#..##..## ###.##
......>... . ... .
.. #.....#.. ..#. .
#...
##...##>...###.. #
.....#.....#... # .
.#
......3@X..........
. ................ .
.. .................
... .
.....#.....#.....#..
..#
#...###...###...###
. .... ###.#
.###..##. #.# ######
### ## ##


You could see a large abomination and a smoke demon.

Vanquished Creatures
  An ironbound preserver (D:13)
  A blizzard demon (Abyss:2)
  3 hydras
  A merfolk avatar (Lair:5)
  An anaconda (shapeshifter) (D:14)
  A death knight (D:14)
  A boulder beetle (D:13)
  2 centaur warriors
  A tengu warrior (D:13)
  3 death yaks (Lair:4)
  Urug (Lair:3)
  6 skeletal warriors (D:14)
  2 sea snakes (Lair:5)
  A lindwurm (Lair:4)
  A harpy (Lair:5)
  3 deep elf pyromancers
  A necromancer (D:9)
  An ugly thing (D:13)
  A worldbinder (Abyss:2)
  A manticore (Lair:5)
  13 elephants
  5 cyclopes
  6 black mambas
  A guardian serpent (D:12)
  Maurice (D:8)
  8 cane toads
  An unseen horror (D:13)
  10 komodo dragons
  A kobold demonologist (D:11)
  4 rime drakes
  2 efreet
  A freezing wraith (D:15)
  2 tengu conjurers (D:13)
  A tormentor (Abyss:2)
  2 polar bears (Lair:5)
  A hornet (shapeshifter) (D:13)
  4 trolls
  2 wind drakes (Lair:5)
  11 blink frogs
  13 slime creatures
  A hornet (Lair:5)
  13 dream sheep
  4 raiju (Abyss:2)
  Prince Ribbit (Lair:3)
  A large abomination (Abyss:2)
  2 snapping turtles (Lair:5)
  An air elemental (Abyss:2)
  2 wraiths
  Sigmund (D:5)
  2 shadows (D:11)
  2 vampires
  5 wyverns
  45 yaks
  6 basilisks
  A golden eye (shapeshifter) (D:14)
  4 steam dragons
  6 vampire mosquitoes
  2 acid dragons
  A naga (Lair:2)
  10 water moccasins
  Pargi (Sewer)
  2 ice beasts (D:7)
  5 orc warriors
  A swamp drake (D:9)
  4 black bears
  3 ogres
  7 centaurs
  3 small abominations (Abyss:2)
  3 kobold brigands
  6 bullfrogs
  3 scorpions
  10 wights
  9 killer bees
  3 howler monkeys
  A vampire bat (D:4)
  2 quasits (Abyss:2)
  2 jellies (D:8)
  4 orc priests
  2 gnoll boudas
  6 hounds
  4 iguanas
  5 orc wizards
  2 polar bear simulacra (D:9)
  4 yak simulacra (D:9)
  3 wolf simulacra (D:9)
  13 adders
  14 gnolls
  A shadow imp (D:7)
  2 white imps
  An ufetubus (D:4)
  2 worms (D:2)
  4 dart slugs
  3 fire bats (D:4)
  28 orcs
  2 spectral bats (D:4)
  3 bat skeletons (D:4)
  A bat zombie (D:4)
  6 endoplasms
  10 giant cockroaches
  5 hobgoblins
  20 kobolds
  4 quokkas
  14 ball pythons
  20 bats
  A bat simulacrum (D:4)
  7 frilled lizards
  3 goblins
  6 rats
  2 river rat simulacra (D:9)
  A spectral orc (D:6)
  A butterfly (Lair:4)
501 creatures vanquished.

Vanquished Creatures (others)
  An ufetubus (Abyss:2)
  28 fungi
  49 plants
  2 withered plants (Lair:5)
80 creatures vanquished.

Grand Total: 581 creatures vanquished

Notes
Turn   | Place    | Note
-------+----------+-------------------------------------------
     0 | D:1      | qw the Gargoyle Fighter began the quest for the Orb.
     0 | D:1      | Reached XP level 1. HP: 14/14 MP: 1/1
     0 | D:1      | 0 ||| qw: Version: 0.2-a-17-g06abaee
     0 | D:1      | 0 ||| qw: Game counter: 2276
     0 | D:1      | 0 ||| qw: Always use a shield: true
     0 | D:1      | 0 ||| qw: God list: Okawaru
     0 | D:1      | 0 ||| qw: Allow faded altars: false
     0 | D:1      | 0 ||| qw: Do Orc after D:15 true
     0 | D:1      | 0 ||| qw: Do second Lair branch before Depths: true
     0 | D:1      | 0 ||| qw: Lair rune preference: random
     0 | D:1      | 0 ||| qw: Plans: Normal, Zot:1-4, God:TSO, Crypt, Tomb,
                  | Pan, Slime:5, Hells, Abyss, Orb
     0 | D:1      | 0 ||| PLANNING D:1-11
    73 | D:1      | Reached skill level 2 in Axes
   181 | D:1      | Reached XP level 2. HP: 19/19 MP: 2/2
   509 | D:1      | Reached skill level 3 in Axes
   581 | D:1      | Reached XP level 3. HP: 23/23 MP: 3/3
   736 | D:1      | 736 ||| UPGRADING to +0 helmet.
   741 | D:1      | 741 ||| UPGRADING to +0 cloak.
   746 | D:1      | 746 ||| READING scroll labelled ERIFUOF EHOGEN.
   747 | D:1      | 747 ||| READING scroll labelled SUANETUMMU.
   748 | D:1      | 748 ||| READING scroll labelled JEYSHU ULEU.
   749 | D:1      | 749 ||| READING scroll labelled JUIMIUKEM.
   750 | D:1      | 750 ||| READING scroll labelled YZIRGH GAUKH.
   814 | D:2      | 814 ||| READING scroll of enchant weapon.
   814 | D:2      | 814 ||| ENCHANTING +1 war axe.
   834 | D:2      | 834 ||| Stepping ~*~*~tactically~*~*~ (stealth).
   840 | D:2      | 840 ||| Stepping ~*~*~tactically~*~*~ (stealth).
   930 | D:2      | 930 ||| Stepping ~*~*~tactically~*~*~ (stealth).
  1038 | D:2      | Reached XP level 4. HP: 28/28 MP: 4/4
  1186 | D:2      | 1186 ||| UPGRADING to +1 ring mail of cold resistance.
  1196 | D:2      | 1196 ||| READING scroll labelled GUMAAXKIGIO.
  1197 | D:2      | 1197 ||| READING scroll labelled PASIAL SUSTA.
  1198 | D:2      | 1198 ||| READING scroll labelled HAJIDE OTHANE.
  1199 | D:2      | 1199 ||| READING scroll labelled SUFOOCKIMM.
  1312 | D:3      | 1312 ||| PLANNING SEWER
  1327 | D:3      | 1327 ||| Stepping ~*~*~tactically~*~*~ (stealth).
  1329 | D:3      | Reached skill level 4 in Axes
  1347 | D:3      | 1347 ||| DROPPING +0 mace.
  1408 | D:3      | Found a glowing drain.
  1417 | D:3      | 1417 ||| Stepping randomly (stuck).
  1418 | D:3      | 1418 ||| Stepping randomly (stuck).
  1480 | D:3      | Noticed a water moccasin
  1494 | D:3      | Killed a water moccasin
  1495 | D:3      | Reached skill level 5 in Axes
  1495 | D:3      | Reached XP level 5. HP: 19/32 MP: 5/5
  1605 | D:3      | 1605 ||| DRINKING 2 black potions.
  1605 | D:3      | Gained mutation: You have hidden genetic potential. [potion
                  | of mutation]
  1670 | D:3      | 1670 ||| READING scroll labelled MOON SISUSU.
  1696 | Sewer    | Entered a sewer
  1788 | Sewer    | Noticed Pargi
  1810 | Sewer    | Killed Pargi
  1811 | Sewer    | Reached XP level 6. HP: 12/37 MP: 6/6
  1814 | Sewer    | Gained mutation: Your skin changes colour to match your
                  | surroundings (Stealth+). [hidden potential]
  1971 | Sewer    | 1971 ||| READING scroll labelled GUP BYCOIRETIWK.
  1975 | Sewer    | 1975 ||| READING scroll labelled OQAZIU PADERI.
  1976 | Sewer    | 1976 ||| DROPPING +2 whip of electrocution.
  1977 | Sewer    | 1977 ||| DRINKING 2 green potions.
  1978 | Sewer    | 1978 ||| DROPPING potion of magic.
  1986 | D:3      | 1986 ||| PLANNING D:1-11
  1995 | D:3      | 1995 ||| Stepping ~*~*~tactically~*~*~ (stealth).
  1997 | D:3      | 1997 ||| Stepping ~*~*~tactically~*~*~ (stealth).
  2002 | D:3      | 2002 ||| Stepping ~*~*~tactically~*~*~ (stealth).
  2038 | D:3      | Identified the +2 robe of the Saviour {Contam Str+4 Dex+9}
  2397 | D:3      | 2397 ||| DRINKING 2 golden potions.
  2498 | D:3      | 2498 ||| DROPPING potion of ambrosia.
  2606 | D:4      | 2606 ||| Stepping ~*~*~tactically~*~*~ (hiding).
  2738 | D:4      | 2738 ||| Stepping ~*~*~tactically~*~*~ (stealth).
  2746 | D:4      | Reached XP level 7. HP: 39/43 MP: 7/7
  2748 | D:4      | HP: 2/43 [wight/+3 morningstar of freezing (9)]
  2755 | D:4      | Reached skill level 6 in Axes
  2778 | D:4      | Gained mutation: You expend magic power (3 MP) to
                  | strengthen your wands. [hidden potential]
  2778 | D:4      | Lost mutation: You have hidden genetic potential. [hidden
                  | potential expressed]
  2788 | D:4      | 2788 ||| FLEEEEING.
  2820 | D:4      | 2820 ||| FLEEEEING.
  2824 | D:4      | 2824 ||| STAIRDANCE
  2915 | D:4      | 2915 ||| Stepping ~*~*~tactically~*~*~ (stealth).
  2916 | D:4      | 2916 ||| Stepping ~*~*~tactically~*~*~ (stealth).
  2921 | D:4      | 2921 ||| Stepping ~*~*~tactically~*~*~ (stealth).
  2923 | D:4      | 2923 ||| Stepping ~*~*~tactically~*~*~ (hiding).
  2927 | D:4      | 2927 ||| Stepping ~*~*~tactically~*~*~ (hiding).
  3007 | D:4      | 3007 ||| Stepping ~*~*~tactically~*~*~ (stealth).
  3027 | D:4      | Found a staircase to the Ecumenical Temple.
  3028 | D:4      | 3028 ||| PLANNING TEMPLE
  3028 | D:4      | 3028 ||| Stepping ~*~*~tactically~*~*~ (hiding).
  3130 | D:4      | 3130 ||| Stepping ~*~*~tactically~*~*~ (hiding).
  3151 | Temple   | Entered the Ecumenical Temple
  3152 | Temple   | 3152 ||| PLANNING OKAWARU WORSHIP
  3285 | Temple   | Became a worshipper of Warmaster Okawaru
  3286 | Temple   | 3286 ||| PLANNING D:1-11
  3305 | D:4      | 3305 ||| Stepping ~*~*~tactically~*~*~ (stealth).
  3310 | D:4      | 3310 ||| Stepping ~*~*~tactically~*~*~ (stealth).
  3311 | D:4      | 3311 ||| Stepping ~*~*~tactically~*~*~ (stealth).
  3313 | D:4      | 3313 ||| FLEEEEING.
  3314 | D:4      | 3314 ||| Stepping ~*~*~tactically~*~*~ (stealth).
  3315 | D:4      | 3315 ||| Stepping ~*~*~tactically~*~*~ (stealth).
  3319 | D:4      | 3319 ||| Stepping ~*~*~tactically~*~*~ (stealth).
  3320 | D:4      | 3320 ||| Stepping ~*~*~tactically~*~*~ (stealth).
  3392 | D:4      | 3392 ||| Stepping ~*~*~tactically~*~*~ (stealth).
  3401 | D:4      | 3401 ||| Stepping ~*~*~tactically~*~*~ (stealth).
  3402 | D:4      | 3402 ||| Stepping ~*~*~tactically~*~*~ (stealth).
  3403 | D:4      | 3403 ||| Stepping ~*~*~tactically~*~*~ (stealth).
  3452 | D:4      | 3452 ||| Stepping ~*~*~tactically~*~*~ (stealth).
  3453 | D:4      | 3453 ||| Stepping ~*~*~tactically~*~*~ (stealth).
  3462 | D:4      | 3462 ||| Stepping ~*~*~tactically~*~*~ (stealth).
  3785 | D:4      | Reached skill level 7 in Axes
  3853 | D:4      | Reached XP level 8. HP: 46/48 MP: 8/8
  3901 | D:4      | 3901 ||| READING scroll labelled YHIXKU NOENE.
  3901 | D:4      | Identified a scroll of acquirement
  3901 | D:4      | 3901 ||| ACQUIRING ring of Daffodils {rC- Will+ Int+6
                  | Dex+4}
  3901 | D:4      | Acquired the ring of Daffodils {rC- Will+ Int+6 Dex+4}
  3903 | D:4      | 3903 ||| UPGRADING to ring of Daffodils {rC- Will+ Int+6
                  | Dex+4}.
  3920 | D:5      | Entered Level 5 of the Dungeon
  4149 | D:5      | Found a white marble altar of Elyvilon.
  4254 | D:5      | Noticed Sigmund
  4282 | D:5      | HP: 12/50 [something (3)]
  4287 | D:5      | HP: 11/50 [something (3)]
  4291 | D:5      | Killed Sigmund
  4718 | D:5      | Reached * piety under Okawaru
  4719 | D:5      | Reached skill level 8 in Axes
  4719 | D:5      | 4719 ||| INVOKING Heroism.
  4725 | D:5      | Reached skill level 1 in Invocations
  5023 | D:5      | 5023 ||| INVOKING Heroism.
  5031 | D:5      | Reached skill level 6 in Fighting
  5104 | D:5      | 5104 ||| DROPPING +0 scale mail.
  5105 | D:5      | 5105 ||| UPGRADING to +0 chain mail.
  5115 | D:5      | 5115 ||| UPGRADING to amulet of the acrobat.
  5120 | D:5      | 5120 ||| READING 2 scrolls of identify.
  5120 | D:5      | 5120 ||| IDENTIFYING lumpy cyan potion
  5173 | D:6      | 5173 ||| INVOKING Heroism.
  5199 | D:6      | Found a broken altar of Ashenzari.
  5246 | D:6      | 5246 ||| INVOKING Heroism.
  5253 | D:6      | Reached skill level 3 in Invocations
  5262 | D:6      | 5262 ||| INVOKING Heroism.
  5270 | D:6      | 5270 ||| Stepping ~*~*~tactically~*~*~ (stealth).
  5272 | D:6      | 5272 ||| Stepping ~*~*~tactically~*~*~ (stealth).
  5290 | D:6      | 5290 ||| Stepping ~*~*~tactically~*~*~ (stealth).
  5291 | D:6      | 5291 ||| Stepping ~*~*~tactically~*~*~ (stealth).
  5292 | D:6      | 5292 ||| Stepping ~*~*~tactically~*~*~ (stealth).
  5360 | D:6      | 5360 ||| SWAPPING to +0 broad axe.
  5361 | D:6      | 5361 ||| DRINKING 3 murky golden potions.
  5362 | D:6      | 5362 ||| Stepping randomly (stuck).
  5363 | D:6      | 5363 ||| Stepping randomly (stuck).
  5364 | D:6      | 5364 ||| Stepping randomly (stuck).
  5365 | D:6      | 5365 ||| Stepping randomly (stuck).
  5366 | D:6      | 5366 ||| Stepping randomly (stuck).
  5367 | D:6      | 5367 ||| Stepping randomly (stuck).
  5368 | D:6      | 5368 ||| Stepping randomly (stuck).
  5369 | D:6      | 5369 ||| Stepping randomly (stuck).
  5370 | D:6      | 5370 ||| Stepping randomly (stuck).
  5371 | D:6      | 5371 ||| Stepping randomly (stuck).
  5386 | D:6      | Reached XP level 9. HP: 53/55 MP: 11/11
  5414 | D:6      | 5414 ||| INVOKING Heroism.
  5461 | D:6      | 5461 ||| INVOKING Heroism.
  5638 | D:6      | Reached skill level 9 in Axes
  5683 | D:6      | 5683 ||| Stepping ~*~*~tactically~*~*~ (stealth).
  5685 | D:6      | 5685 ||| Stepping ~*~*~tactically~*~*~ (hiding).
  5686 | D:6      | 5686 ||| Stepping ~*~*~tactically~*~*~ (hiding).
  5689 | D:6      | 5689 ||| INVOKING Heroism.
  5858 | D:6      | Found a hazy altar of Hepliaklqana.
  5923 | D:6      | 5923 ||| READING scroll labelled BOUTSOTHRIO.
  6024 | D:6      | 6024 ||| READING scroll labelled WEYMUI BUZURGHA.
  6025 | D:6      | 6025 ||| DRINKING 2 yellow potions.
  6026 | D:6      | 6026 ||| READING 2 scrolls of identify.
  6026 | D:6      | 6026 ||| IDENTIFYING sapphire potion
  6027 | D:6      | 6027 ||| DROPPING potion of brilliance.
  6077 | D:7      | Reached skill level 1 in Throwing
  6087 | D:7      | Reached ** piety under Okawaru
  6172 | D:7      | 6172 ||| Stepping ~*~*~tactically~*~*~ (stealth).
  6174 | D:7      | 6174 ||| Stepping ~*~*~tactically~*~*~ (stealth).
  6176 | D:7      | 6176 ||| INVOKING Heroism.
  6313 | D:7      | 6313 ||| INVOKING Heroism.
  6846 | D:7      | Found a burning altar of Makhleb.
  6888 | D:7      | 6888 ||| INVOKING Heroism.
  6889 | D:7      | 6889 ||| Stepping ~*~*~tactically~*~*~ (cloud).
  6890 | D:7      | 6890 ||| Stepping ~*~*~tactically~*~*~ (cloud).
  6899 | D:7      | 6899 ||| Stepping ~*~*~tactically~*~*~ (cloud).
  6905 | D:7      | 6905 ||| Stepping ~*~*~tactically~*~*~ (hiding).
  7061 | D:7      | 7061 ||| DROPPING +1 ring mail of cold resistance.
  7062 | D:7      | 7062 ||| UPGRADING to +0 plate armour.
  7072 | D:7      | 7072 ||| DROPPING +0 chain mail.
  7073 | D:7      | 7073 ||| DRINKING 2 brown potions.
  7074 | D:7      | 7074 ||| DRINKING 2 puce potions.
  7075 | D:7      | 7075 ||| DROPPING potion of degeneration.
  7110 | D:8      | 7110 ||| Stepping ~*~*~tactically~*~*~ (stealth).
  7113 | D:8      | 7113 ||| Stepping ~*~*~tactically~*~*~ (stealth).
  7115 | D:8      | 7115 ||| INVOKING Heroism.
  7292 | D:8      | 7292 ||| INVOKING Heroism.
  7354 | D:8      | Reached skill level 6 in Armour
  7354 | D:8      | Reached XP level 10. HP: 63/63 MP: 13/13
  7388 | D:8      | 7388 ||| INVOKING Heroism.
  7413 | D:8      | 7413 ||| READING 3 scrolls of enchant armour.
  7413 | D:8      | 7413 ||| ENCHANTING +0 helmet.
  7414 | D:8      | 7414 ||| READING 2 scrolls of enchant armour.
  7414 | D:8      | 7414 ||| ENCHANTING +1 helmet.
  7415 | D:8      | 7415 ||| READING scroll of enchant armour.
  7415 | D:8      | 7415 ||| ENCHANTING +0 cloak.
  7659 | D:8      | 7659 ||| INVOKING Heroism.
  7701 | D:8      | 7701 ||| Stepping ~*~*~tactically~*~*~ (stealth).
  7717 | D:8      | Reached skill level 10 in Axes
  7719 | D:8      | 7719 ||| Stepping ~*~*~tactically~*~*~ (stealth).
  7759 | D:8      | 7759 ||| Stepping ~*~*~tactically~*~*~ (stealth).
  7759 | D:8      | Noticed Maurice
  7760 | D:8      | 7760 ||| Stepping ~*~*~tactically~*~*~ (hiding).
  7761 | D:8      | 7761 ||| Stepping ~*~*~tactically~*~*~ (hiding).
  7762 | D:8      | 7762 ||| INVOKING Heroism.
  7798 | D:8      | 7798 ||| INVOKING Heroism.
  7799 | D:8      | 7799 ||| FLEEEEING.
  7815 | D:8      | 7815 ||| FLEEEEING.
  7821 | D:8      | 7821 ||| INVOKING Heroism.
  7850 | D:8      | 7850 ||| INVOKING Heroism.
  7869 | D:8      | Killed Maurice
  8065 | D:8      | Found a bloodstained altar of Trog.
  8067 | D:8      | 8067 ||| Stepping ~*~*~tactically~*~*~ (stealth).
  8077 | D:8      | 8077 ||| INVOKING Heroism.
  8331 | D:8      | 8331 ||| UPGRADING to ring of protection from fire.
  8332 | D:8      | 8332 ||| READING 3 scrolls of identify.
  8332 | D:8      | 8332 ||| IDENTIFYING coppery potion
  8333 | D:8      | 8333 ||| READING 2 scrolls of identify.
  8333 | D:8      | 8333 ||| IDENTIFYING glowing orange potion
  8351 | D:9      | 8351 ||| Stepping ~*~*~tactically~*~*~ (hiding).
  8510 | D:9      | 8510 ||| INVOKING Heroism.
  8512 | D:9      | 8512 ||| Stepping ~*~*~tactically~*~*~ (stealth).
  8514 | D:9      | 8514 ||| Stepping ~*~*~tactically~*~*~ (stealth).
  8558 | D:9      | Found a sparkling altar of Nemelex Xobeh.
  8563 | D:9      | 8563 ||| INVOKING Heroism.
  8567 | D:9      | Reached *** piety under Okawaru
  8747 | D:9      | 8747 ||| Stepping ~*~*~tactically~*~*~ (stealth).
  8813 | D:9      | 8813 ||| Stepping ~*~*~tactically~*~*~ (stealth).
  8815 | D:9      | 8815 ||| Stepping ~*~*~tactically~*~*~ (stealth).
  8821 | D:9      | 8821 ||| INVOKING Heroism.
  8882 | D:9      | Found a staircase to the Orcish Mines.
  8947 | D:9      | Reached **** piety under Okawaru
  8948 | D:9      | Reached skill level 11 in Axes
  8979 | D:9      | 8979 ||| INVOKING Heroism.
  8994 | D:9      | Reached XP level 11. HP: 64/69 MP: 12/14
  9026 | D:9      | Found a staircase to the Lair.
  9154 | D:9      | Noticed a necromancer
  9155 | D:9      | 9155 ||| Stepping ~*~*~tactically~*~*~ (hiding).
  9162 | D:9      | 9162 ||| INVOKING Heroism.
  9166 | D:9      | Killed a necromancer
  9167 | D:9      | Reached skill level 9 in Fighting
  9251 | D:9      | 9251 ||| Stepping ~*~*~tactically~*~*~ (stealth).
  9259 | D:9      | 9259 ||| INVOKING Heroism.
  9288 | D:9      | 9288 ||| INVOKING Heroism.
  9437 | D:9      | 9437 ||| PLANNING LAIR
  9508 | Lair:1   | Entered Level 1 of the Lair of Beasts
  9570 | Lair:1   | 9570 ||| INVOKING Heroism.
  9581 | Lair:1   | Reached skill level 6 in Invocations
  9596 | Lair:1   | 9596 ||| Stepping ~*~*~tactically~*~*~ (stealth).
  9598 | Lair:1   | 9598 ||| Stepping ~*~*~tactically~*~*~ (stealth).
  9600 | Lair:1   | 9600 ||| Stepping ~*~*~tactically~*~*~ (stealth).
  9608 | Lair:1   | 9608 ||| INVOKING Heroism.
  9627 | Lair:1   | 9627 ||| INVOKING Heroism.
  9641 | Lair:1   | 9641 ||| INVOKING Heroism.
  9684 | Lair:1   | 9684 ||| Stepping ~*~*~tactically~*~*~ (stealth).
  9693 | Lair:1   | 9693 ||| INVOKING Heroism.
  9776 | Lair:1   | 9776 ||| READING scroll of enchant armour.
  9776 | Lair:1   | 9776 ||| ENCHANTING +1 cloak.
  9779 | Lair:1   | 9779 ||| Stepping ~*~*~tactically~*~*~ (stealth).
  9785 | Lair:1   | 9785 ||| INVOKING Heroism.
  9788 | Lair:1   | 9788 ||| Stepping ~*~*~tactically~*~*~ (stealth).
  9794 | Lair:1   | Reached ***** piety under Okawaru
  9857 | Lair:1   | 9857 ||| INVOKING Heroism.
  9918 | Lair:1   | 9918 ||| INVOKING Heroism.
  9994 | Lair:1   | 9994 ||| INVOKING Heroism.
 10136 | Lair:1   | 10136 ||| INVOKING Heroism.
 10607 | Lair:1   | 10607 ||| DRINKING 2 fizzy cyan potions.
 10608 | Lair:1   | 10608 ||| READING 4 scrolls of identify.
 10608 | Lair:1   | 10608 ||| IDENTIFYING lumpy grey potion
 10609 | Lair:1   | 10609 ||| DROPPING potion of flight.
 10610 | Lair:1   | 10610 ||| DROPPING potion of berserk rage.
 10740 | Lair:2   | Found a staircase to the Snake Pit.
 10745 | Lair:2   | 10745 ||| INVOKING Heroism.
 10962 | Lair:2   | 10962 ||| Stepping ~*~*~tactically~*~*~ (stealth).
 10964 | Lair:2   | 10964 ||| INVOKING Heroism.
 10972 | Lair:2   | 10972 ||| Stepping ~*~*~tactically~*~*~ (stealth).
 10985 | Lair:2   | Reached skill level 12 in Axes
 10985 | Lair:2   | Reached skill level 9 in Invocations
 10985 | Lair:2   | Reached XP level 12. HP: 56/76 MP: 18/18
 10997 | Lair:2   | Identified the +0 pair of boots "Buditem" {rCorr} (Okawaru
                  | gifted it to you on level 2 of the Lair of Beasts)
 10997 | Lair:2   | Received a gift from Okawaru
 11005 | Lair:2   | 11005 ||| INVOKING Heroism.
 11060 | Lair:2   | 11060 ||| Stepping ~*~*~tactically~*~*~ (stealth).
 11205 | Lair:2   | 11205 ||| INVOKING Heroism.
 11216 | Lair:2   | Reached skill level 6 in Shields
 11248 | Lair:2   | 11248 ||| READING scroll of enchant armour.
 11248 | Lair:2   | 11248 ||| ENCHANTING +0 plate armour.
 11294 | Lair:2   | 11294 ||| Stepping ~*~*~tactically~*~*~ (stealth).
 11299 | Lair:2   | 11299 ||| Stepping ~*~*~tactically~*~*~ (stealth).
 11300 | Lair:2   | 11300 ||| Stepping ~*~*~tactically~*~*~ (stealth).
 11303 | Lair:2   | 11303 ||| Stepping ~*~*~tactically~*~*~ (stealth).
 11570 | Lair:2   | Found a staircase to the Shoals.
 12123 | Lair:2   | 12123 ||| UPGRADING to +0 pair of boots "Buditem" {rCorr}.
 12128 | Lair:2   | 12128 ||| READING scroll labelled DUOXOA YDINU.
 12176 | Lair:2   | 12176 ||| READING scroll labelled NOFIUCW MATS.
 12227 | Lair:3   | 12227 ||| INVOKING Heroism.
 12241 | Lair:3   | Noticed Prince Ribbit
 12242 | Lair:3   | 12242 ||| Stepping ~*~*~tactically~*~*~ (stealth).
 12244 | Lair:3   | 12244 ||| Stepping ~*~*~tactically~*~*~ (stealth).
 12247 | Lair:3   | Killed Prince Ribbit
 12419 | Lair:3   | 12419 ||| INVOKING Heroism.
 12436 | Lair:3   | Reached skill level 9 in Armour
 12566 | Lair:3   | Noticed Urug
 12567 | Lair:3   | 12567 ||| INVOKING Heroism.
 12568 | Lair:3   | 12568 ||| INVOKING Finesse.
 12576 | Lair:3   | Killed Urug
 12768 | Lair:3   | 12768 ||| INVOKING Heroism.
 12937 | Lair:3   | 12937 ||| Stepping ~*~*~tactically~*~*~ (stealth).
 12940 | Lair:3   | 12940 ||| INVOKING Heroism.
 12954 | Lair:3   | Reached skill level 3 in Throwing
 13153 | Lair:3   | Noticed a six-headed hydra
 13154 | Lair:3   | 13154 ||| INVOKING Heroism.
 13155 | Lair:3   | 13155 ||| INVOKING Finesse.
 13157 | Lair:3   | 13157 ||| SWAPPING to +2 war axe of flaming.
 13164 | Lair:3   | Killed a one-headed hydra
 13165 | Lair:3   | 13165 ||| SWAPPING to +0 broad axe.
 13562 | Lair:4   | 13562 ||| Stepping ~*~*~tactically~*~*~ (stealth).
 13563 | Lair:4   | 13563 ||| INVOKING Heroism.
 13627 | Lair:4   | 13627 ||| INVOKING Heroism.
 13750 | Lair:4   | 13750 ||| INVOKING Heroism.
 13758 | Lair:4   | Received a gift from Okawaru
 13759 | Lair:4   | Reached skill level 13 in Axes
 13787 | Lair:4   | Reached XP level 13. HP: 82/82 MP: 20/20
 13937 | Lair:4   | 13937 ||| Stepping ~*~*~tactically~*~*~ (stealth).
 13940 | Lair:4   | 13940 ||| INVOKING Heroism.
 14083 | Lair:4   | Found a viscous altar of Jiyva.
 14087 | Lair:4   | Found a staircase to the Slime Pits.
 14218 | Lair:5   | Entered Level 5 of the Lair of Beasts
 14221 | Lair:5   | 14221 ||| Stepping ~*~*~tactically~*~*~ (stealth).
 14224 | Lair:5   | 14224 ||| Stepping ~*~*~tactically~*~*~ (stealth).
 14226 | Lair:5   | 14226 ||| Stepping ~*~*~tactically~*~*~ (stealth).
 14227 | Lair:5   | 14227 ||| INVOKING Heroism.
 14236 | Lair:5   | Reached skill level 3 in Dodging
 14270 | Lair:5   | 14270 ||| INVOKING Finesse.
 14275 | Lair:5   | 14275 ||| SWAPPING to +2 war axe of flaming.
 14285 | Lair:5   | 14285 ||| SWAPPING to +0 broad axe.
 14304 | Lair:5   | 14304 ||| Stepping ~*~*~tactically~*~*~ (stealth).
 14328 | Lair:5   | 14328 ||| INVOKING Heroism.
 14329 | Lair:5   | 14329 ||| INVOKING Finesse.
 14334 | Lair:5   | 14334 ||| SWAPPING to +2 war axe of flaming.
 14341 | Lair:5   | 14341 ||| Stepping ~*~*~tactically~*~*~ (hiding).
 14342 | Lair:5   | 14342 ||| SWAPPING to +0 broad axe.
 14394 | Lair:5   | 14394 ||| INVOKING Heroism.
 14398 | Lair:5   | 14398 ||| Stepping ~*~*~tactically~*~*~ (hiding).
 14433 | Lair:5   | 14433 ||| INVOKING Finesse.
 14436 | Lair:5   | 14436 ||| INVOKING Heroism.
 14438 | Lair:5   | Received a gift from Okawaru
 14474 | Lair:5   | 14474 ||| Stepping ~*~*~tactically~*~*~ (water).
 14545 | Lair:5   | 14545 ||| INVOKING Heroism.
 14554 | Lair:5   | 14554 ||| Stepping ~*~*~tactically~*~*~ (water).
 14565 | Lair:5   | Reached skill level 14 in Axes
 14575 | Lair:5   | 14575 ||| Stepping ~*~*~tactically~*~*~ (water).
 14587 | Lair:5   | 14587 ||| INVOKING Heroism.
 14645 | Lair:5   | 14645 ||| INVOKING Heroism.
 14800 | Lair:5   | 14800 ||| INVOKING Heroism.
 14802 | Lair:5   | 14802 ||| Stepping ~*~*~tactically~*~*~ (water).
 14813 | Lair:5   | Identified the +5 ring mail of the Doldrums {Int+5}
                  | (Okawaru gifted it to you on level 5 of the Lair of Beasts)
 14813 | Lair:5   | Received a gift from Okawaru
 14814 | Lair:5   | 14814 ||| Stepping ~*~*~tactically~*~*~ (water).
 14819 | Lair:5   | 14819 ||| Stepping ~*~*~tactically~*~*~ (water).
 14935 | Lair:5   | 14935 ||| Stepping ~*~*~tactically~*~*~ (stealth).
 14937 | Lair:5   | 14937 ||| INVOKING Heroism.
 14980 | Lair:5   | 14980 ||| INVOKING Finesse.
 14988 | Lair:5   | 14988 ||| Stepping ~*~*~tactically~*~*~ (stealth).
 14990 | Lair:5   | 14990 ||| STAIRDANCE
 14999 | Lair:4   | 14999 ||| INVOKING Heroism.
 15029 | Lair:4   | 15029 ||| UPGRADING to +0 pair of gloves.
 15036 | Lair:5   | 15036 ||| STAIRDANCE
 15038 | Lair:4   | 15038 ||| INVOKING Finesse.
 15079 | Lair:5   | 15079 ||| STAIRDANCE
 15143 | Lair:5   | 15143 ||| STAIRDANCE
 15145 | Lair:4   | 15145 ||| INVOKING Heroism.
 15146 | Lair:4   | 15146 ||| INVOKING Finesse.
 15275 | Lair:5   | 15275 ||| INVOKING Heroism.
 15448 | Lair:5   | Found a runed translucent door.
 15450 | Lair:5   | Noticed qw's ghost (journeyman GrFi)
 15467 | Lair:5   | 15467 ||| INVOKING Heroism.
 15842 | Lair:5   | 15842 ||| PLANNING D:1-11
 16002 | D:10     | Entered Level 10 of the Dungeon
 16002 | D:10     | Found Ufra's Vocational Training.
 16027 | D:10     | 16027 ||| INVOKING Heroism.
 16030 | D:10     | Gained mutation: Your large and strong wings let you fly.
                  | [Gargoyle growth]
 16030 | D:10     | Reached XP level 14. HP: 90/90 MP: 18/21
 16103 | D:10     | 16103 ||| Stepping ~*~*~tactically~*~*~ (stealth).
 16106 | D:10     | 16106 ||| Stepping ~*~*~tactically~*~*~ (hiding).
 16110 | D:10     | 16110 ||| INVOKING Heroism.
 16228 | D:10     | 16228 ||| Stepping ~*~*~tactically~*~*~ (stealth).
 16230 | D:10     | 16230 ||| Stepping ~*~*~tactically~*~*~ (hiding).
 16328 | D:10     | 16328 ||| Stepping ~*~*~tactically~*~*~ (hiding).
 16331 | D:10     | 16331 ||| Stepping ~*~*~tactically~*~*~ (hiding).
 16408 | D:10     | Found an ancient bone altar of Kikubaaqudgha.
 16417 | D:10     | Found a hide-covered altar of Uskayaw.
 16720 | D:10     | 16720 ||| UPGRADING to +4 ring of evasion.
 16932 | D:11     | 16932 ||| INVOKING Heroism.
 17060 | D:11     | 17060 ||| Stepping ~*~*~tactically~*~*~ (stealth).
 17251 | D:11     | 17251 ||| INVOKING Heroism.
 17529 | D:11     | Found Ilamab's Armour Shop.
 17538 | D:11     | 17538 ||| BUYING +2 kite shield of protection (344 gold).
 17538 | D:11     | Bought a +2 kite shield of protection for 344 gold pieces
 17538 | D:11     | 17538 ||| BUYING +4 plate armour "Ratiad" {Int+4} (934
                  | gold).
 17538 | D:11     | Bought the +4 plate armour "Ratiad" {Int+4} for 934 gold
                  | pieces
 17551 | D:11     | 17551 ||| Stepping ~*~*~tactically~*~*~ (hiding).
 17553 | D:11     | 17553 ||| Stepping ~*~*~tactically~*~*~ (hiding).
 17554 | D:11     | 17554 ||| Stepping ~*~*~tactically~*~*~ (hiding).
 17909 | D:11     | 17909 ||| PLANNING D
 17909 | D:11     | 17909 ||| UPGRADING to +2 kite shield of protection.
 17919 | D:11     | 17919 ||| DROPPING +0 buckler.
 17920 | D:11     | 17920 ||| UPGRADING to +4 plate armour "Ratiad" {Int+4}.
 17930 | D:11     | 17930 ||| DROPPING +1 plate armour.
 18074 | D:12     | 18074 ||| FLEEEEING.
 18075 | D:12     | 18075 ||| FLEEEEING.
 18076 | D:12     | 18076 ||| FLEEEEING.
 18077 | D:12     | 18077 ||| FLEEEEING.
 18078 | D:12     | 18078 ||| FLEEEEING.
 18079 | D:12     | 18079 ||| FLEEEEING.
 18080 | D:12     | 18080 ||| FLEEEEING.
 18081 | D:12     | 18081 ||| FLEEEEING.
 18082 | D:12     | 18082 ||| FLEEEEING.
 18083 | D:12     | 18083 ||| FLEEEEING.
 18084 | D:12     | 18084 ||| FLEEEEING.
 18090 | D:12     | 18090 ||| FLEEEEING.
 18091 | D:12     | 18091 ||| STAIRDANCE
 18153 | D:12     | 18153 ||| Stepping ~*~*~tactically~*~*~ (stealth).
 18155 | D:12     | 18155 ||| Stepping ~*~*~tactically~*~*~ (stealth).
 18159 | D:12     | 18159 ||| Stepping ~*~*~tactically~*~*~ (stealth).
 18163 | D:12     | 18163 ||| INVOKING Heroism.
 18167 | D:12     | 18167 ||| Stepping ~*~*~tactically~*~*~ (stealth).
 18169 | D:12     | 18169 ||| Stepping ~*~*~tactically~*~*~ (stealth).
 18180 | D:12     | HP: 18/90 [slime creature (5)]
 18181 | D:12     | 18181 ||| READING 9 scrolls of teleportation.
 18182 | D:12     | 18182 ||| DRINKING 2 potions of heal wounds.
 18372 | D:12     | 18372 ||| INVOKING Heroism.
 18452 | D:12     | 18452 ||| READING scroll of enchant weapon.
 18452 | D:12     | 18452 ||| ENCHANTING +0 broad axe.
 18511 | D:12     | Found Javimuq's Antique Weapon Emporium.
 18575 | D:12     | 18575 ||| INVOKING Heroism.
 18591 | D:12     | Received a gift from Okawaru
 18799 | D:13     | Found an opulent altar of Gozag.
 18837 | D:13     | 18837 ||| READING scroll of enchant armour.
 18837 | D:13     | 18837 ||| ENCHANTING +0 pair of gloves.
 18888 | D:13     | 18888 ||| INVOKING Heroism.
 18902 | D:13     | Reached skill level 9 in Shields
 19064 | D:13     | Found a gate to the Vaults.
 19064 | D:13     | Noticed an ironbound preserver
 19065 | D:13     | 19065 ||| Stepping ~*~*~tactically~*~*~ (hiding).
 19066 | D:13     | 19066 ||| Stepping ~*~*~tactically~*~*~ (hiding).
 19072 | D:13     | 19072 ||| INVOKING Heroism.
 19092 | D:13     | Killed an ironbound preserver
 19182 | D:13     | 19182 ||| INVOKING Heroism.
 19194 | D:13     | Received a gift from Okawaru
 19264 | D:13     | 19264 ||| DROPPING +2 war axe of flaming.
 19307 | D:13     | 19307 ||| INVOKING Heroism.
 19308 | D:13     | 19308 ||| INVOKING Finesse.
 19664 | D:14     | 19664 ||| FLEEEEING.
 19665 | D:14     | 19665 ||| FLEEEEING.
 19666 | D:14     | 19666 ||| INVOKING Heroism.
 19675 | D:14     | HP: 21/90 [skeletal warrior/+0 battleaxe (18)]
 19676 | D:14     | 19676 ||| READING 8 scrolls of teleportation.
 19677 | D:14     | 19677 ||| DRINKING 3 potions of heal wounds.
 19680 | D:14     | HP: 18/90 [skeletal warrior/+0 flail (5)]
 19681 | D:14     | 19681 ||| DRINKING 2 potions of heal wounds.
 19709 | D:14     | 19709 ||| Stepping ~*~*~tactically~*~*~ (stealth).
 19721 | D:14     | 19721 ||| FLEEEEING.
 19723 | D:14     | 19723 ||| FLEEEEING.
 19724 | D:14     | 19724 ||| FLEEEEING.
 19725 | D:14     | 19725 ||| FLEEEEING.
 19726 | D:14     | 19726 ||| FLEEEEING.
 19727 | D:14     | 19727 ||| FLEEEEING.
 19728 | D:14     | 19728 ||| FLEEEEING.
 19729 | D:14     | 19729 ||| FLEEEEING.
 19730 | D:14     | 19730 ||| FLEEEEING.
 19732 | D:14     | 19732 ||| STAIRDANCE
 19866 | D:14     | 19866 ||| READING scroll of enchant armour.
 19866 | D:14     | 19866 ||| ENCHANTING +1 pair of gloves.
 19902 | D:14     | 19902 ||| Stepping ~*~*~tactically~*~*~ (stealth).
 19907 | D:14     | 19907 ||| Stepping ~*~*~tactically~*~*~ (stealth).
 19908 | D:14     | 19908 ||| INVOKING Heroism.
 19909 | D:14     | 19909 ||| Stepping ~*~*~tactically~*~*~ (stealth).
 19913 | D:14     | 19913 ||| Stepping ~*~*~tactically~*~*~ (stealth).
 19914 | D:14     | 19914 ||| Stepping ~*~*~tactically~*~*~ (stealth).
 19920 | D:14     | 19920 ||| Stepping ~*~*~tactically~*~*~ (stealth).
 19955 | D:14     | HP: 16/90 [skeletal warrior/+1 halberd of protection (16)]
 19956 | D:14     | 19956 ||| READING 7 scrolls of teleportation.
 19957 | D:14     | 19957 ||| DRINKING potion of heal wounds.
 19962 | D:14     | 19962 ||| FLEEEEING.
 19963 | D:14     | 19963 ||| FLEEEEING.
 19964 | D:14     | 19964 ||| FLEEEEING.
 19965 | D:14     | 19965 ||| FLEEEEING.
 19966 | D:14     | 19966 ||| FLEEEEING.
 19967 | D:14     | 19967 ||| FLEEEEING.
 19968 | D:14     | 19968 ||| FLEEEEING.
 19969 | D:14     | 19969 ||| FLEEEEING.
 19970 | D:14     | 19970 ||| FLEEEEING.
 19976 | D:14     | 19976 ||| FLEEEEING.
 19977 | D:14     | 19977 ||| FLEEEEING.
 19978 | D:14     | 19978 ||| FLEEEEING.
 19980 | D:14     | 19980 ||| FLEEEEING.
 19981 | D:14     | 19981 ||| FLEEEEING.
 19982 | D:14     | 19982 ||| FLEEEEING.
 19983 | D:14     | 19983 ||| FLEEEEING.
 19984 | D:14     | 19984 ||| FLEEEEING.
 19985 | D:14     | 19985 ||| FLEEEEING.
 19986 | D:14     | 19986 ||| FLEEEEING.
 19988 | D:14     | 19988 ||| STAIRDANCE
 20113 | D:14     | 20113 ||| INVOKING Heroism.
 20138 | D:14     | 20138 ||| Stepping ~*~*~tactically~*~*~ (hiding).
 20148 | D:14     | HP: 21/90 [mirror damage (14)]
 20149 | D:14     | 20149 ||| READING 6 scrolls of teleportation.
 20154 | D:14     | 20154 ||| READING 5 scrolls of teleportation.
 20405 | D:14     | 20405 ||| Stepping ~*~*~tactically~*~*~ (hiding).
 20410 | D:14     | 20410 ||| INVOKING Heroism.
 20415 | D:14     | 20415 ||| Stepping ~*~*~tactically~*~*~ (hiding).
 20482 | D:14     | 20482 ||| INVOKING Heroism.
 20488 | D:14     | 20488 ||| DRINKING 7 potions of curing.
 20488 | D:14     | 20488 ||| (to cure confusion)
 20502 | D:14     | Reached skill level 12 in Shields
 20548 | D:14     | 20548 ||| SWAPPING to +4 broad axe.
 20549 | D:14     | 20549 ||| DROPPING +1 broad axe.
 20667 | D:15     | Entered Level 15 of the Dungeon
 20686 | D:15     | 20686 ||| Stepping ~*~*~tactically~*~*~ (stealth).
 20688 | D:15     | 20688 ||| INVOKING Heroism.
 20699 | D:15     | Reached skill level 15 in Axes
 20756 | D:15     | Noticed Louise
 20757 | D:15     | 20757 ||| Stepping ~*~*~tactically~*~*~ (hiding).
 20759 | D:15     | 20759 ||| Stepping ~*~*~tactically~*~*~ (hiding).
 20761 | D:15     | 20761 ||| INVOKING Heroism.
 20762 | D:15     | 20762 ||| INVOKING Finesse.
 20769 | D:15     | Identified the +1 robe of Okawaru, Mashing {Harm rF+}
                  | (Okawaru gifted it to you on level 15 of the Dungeon)
 20769 | D:15     | Received a gift from Okawaru
 20776 | Abyss:2  | Cast into level 2 of the Abyss (Louise)
 20855 | Abyss:2  | 20855 ||| Stepping ~*~*~tactically~*~*~ (stealth).
 20857 | Abyss:2  | 20857 ||| INVOKING Heroism.
 20868 | Abyss:2  | 20868 ||| Stepping ~*~*~tactically~*~*~ (stealth).
 20887 | Abyss:2  | 20887 ||| Stepping ~*~*~tactically~*~*~ (stealth).
 20952 | Abyss:2  | 20952 ||| Stepping ~*~*~tactically~*~*~ (stealth).
 20956 | Abyss:2  | 20956 ||| Stepping ~*~*~tactically~*~*~ (stealth).
 20957 | Abyss:2  | 20957 ||| Stepping ~*~*~tactically~*~*~ (stealth).
 20958 | Abyss:2  | 20958 ||| Stepping ~*~*~tactically~*~*~ (stealth).
 20965 | Abyss:2  | 20965 ||| INVOKING Heroism.
 20970 | Abyss:2  | Reached XP level 15. HP: 95/95 MP: 19/22
 20976 | Abyss:2  | 20976 ||| Stepping ~*~*~tactically~*~*~ (stealth).
 20982 | Abyss:2  | 20982 ||| Stepping ~*~*~tactically~*~*~ (stealth).
 20985 | Abyss:2  | 20985 ||| Stepping ~*~*~tactically~*~*~ (hiding).
 21021 | Abyss:2  | 21021 ||| Stepping ~*~*~tactically~*~*~ (stealth).
 21025 | Abyss:2  | 21025 ||| Stepping ~*~*~tactically~*~*~ (stealth).
 21047 | Abyss:2  | 21047 ||| Stepping ~*~*~tactically~*~*~ (stealth).
 21049 | Abyss:2  | 21049 ||| Stepping ~*~*~tactically~*~*~ (stealth).
 21064 | Abyss:2  | 21064 ||| INVOKING Heroism.
 21095 | Abyss:2  | HP: 21/95 [smoke demon/divine providence (14)]
 21096 | Abyss:2  | 21096 ||| READING 4 scrolls of teleportation.
 21099 | Abyss:2  | HP: 10/95 [something (3)]
 21101 | Abyss:2  | Killed from afar by a smoke demon

Levels and vault maps discovered:
D:1:      ebering_trefoil_3fold, layout_loops_cross
D:2:      layout_rooms, grunt_ministairs_5
D:3:      layout_basic, gup_sewer_entry_glass
D:4:      layout_cave_pools, minmay_temple_entry_large_hall, kennysheep_nub,
          st_stairs_2, goddamned_bats
D:5:      layout_cave_pods, nicolae_elyvilon_temple_path, minmay_quadrilaterals,
          uniq_sigmund
D:6:      layout_gridville, nicolae_hepliaklqana_monster_ancestors,
          amcnicky_altar_gilded
D:7:      layout_basic, makhleb_heckhound_becter, minmay_misc_feat_roman
D:8:      layout_cave_pods, trog_ov_bears_minmay, serial_park,
          serial_park_square2, serial_park_square1
          [serial_park_minivault_5x5_1], serial_park_square3
          [serial_park_minivault_5x5_6], serial_park_square2,
          nrook_loot_triangle, uniq_maurice
D:9:      layout_cave_pools, mainiacjoe_overflow_six_doors_small,
          erik_lair_dragon, orc_0_dummy, eino_house_with_fridge
D:10:     layout_cave_pools, mainiacjoe_overflow_swirl, nicolae_shop_vocational
D:11:     layout_stronghold, serial_shops, shop
D:12:     layout_roguey, serial_shops, nicolae_shop_overgrown_old_shop,
          nrook_guardian_serpent_double
D:13:     layout_roguey, skrybe_vaults_entry_preservation,
          nicolae_gozag_seed_capital
D:14:     layout_cave_pools, hangedman_decor_opposing
D:15:     grunt_enter_depths_hoard, layout_irregular_city,
          nicolae_ru_awakened_eye, uniq_louise
Temple:   nicolae_temple_superstar
Lair:1:   layout_misc_corridors, serial_rivers, chequers_serial_rivers_large_b,
          chequers_serial_rivers_micro_e, chequers_serial_rivers_micro_a,
          chequers_serial_rivers_micro_a, chequers_serial_rivers_small_a
Lair:2:   layout_layer_cave, minmay_shoals_entry_centaurs,
          guppyfry_snake_entry_garden
Lair:3:   layout_cave_pods, infiniplex_staircase_pool_2, lemuel_fruit_tree,
          uniq_prince_ribbit2, uniq_urug
Lair:4:   layout_misc_corridors, dpeg_slime_entry_corner, lemuel_fruit_fields,
          grunt_megastairs_4
Lair:5:   gammafunk_lair_ancient_temple, layout_loops_ring,
          gammafunk_ghost_grave
Abyss:2:  base:
D:6

Skill      XL: |  1  2  3  4  5  6  7  8  9 10 11 12 13 14 |
---------------+-------------------------------------------+-----
Axes           | 2 3 5 7 8 9 11 12 13 14 15 | 15.0
Dodging        | 2 3 |  3.0
Fighting       | 4 6 7 8 9 10 11 | 11.6
Invocations    | 3 4 5 9 10 | 10.0
Armour         | 4 6 7 8 9 11 | 11.0
Shields        | 4 5 6 7 12 | 12.1
Throwing       | 1 3 4 5 |  5.0

Action                   |  1- 3 |  4- 6 |  7- 9 | 10-12 | 13-15 || total
-------------------------+-------+-------+-------+-------+-------++-------
Melee: War axe           |    90 |   123 |   190 |     5 |    12 ||   420
       Broad axe         |       |       |   158 |   537 |   796 ||  1491
Throw: Boomerang         |    26 |    33 |    29 |    33 |       ||   121
       Javelin           |       |       |       |    15 |    60 ||    75
Invok: Heroism           |       |       |    13 |    37 |    35 ||    85
       Finesse           |       |       |       |     2 |     8 ||    10
  Use: Scroll            |     6 |     7 |     5 |    10 |     9 ||    37
       Potion            |       |     3 |     4 |     1 |     5 ||    13
 Stab: Confused          |       |       |       |     2 |       ||     2
Armor: Scale mail        |    43 |     1 |       |       |       ||    44
       Ring mail         |       |    80 |    96 |       |       ||   176
       Chain mail        |       |       |    60 |       |       ||    60
       Plate armour      |       |       |    14 |   280 |   428 ||   722
Dodge: Dodged            |    33 |    65 |   160 |   178 |   309 ||   745
Block: Buckler           |    10 |    28 |    76 |   143 |   101 ||   358
       Kite shield       |       |       |       |       |   261 ||   261

Table legend:
 A = Non-vault XP
 B = Vault XP
 C = Vault XP percentage of total XP
 D = Non-vault monster count
 E = Vault monster count
 F = Vault count percentage of total count
                 A         B        C        D         E       F
            +---------+---------+-------+---------+---------+-------
      Total |   69656 |   18967 |  21.4 |     393 |     107 |  21.4
            +---------+---------+-------+---------+---------+-------
        D:1 |      35 |       0 |   0.0 |      23 |       0 |   0.0
        D:2 |      59 |       2 |   3.3 |      17 |       2 |  10.5
        D:3 |     210 |       8 |   3.7 |      17 |       4 |  19.0
        D:4 |     563 |     188 |  25.0 |      29 |      23 |  44.2
        D:5 |     475 |     308 |  39.3 |      16 |       4 |  20.0
        D:6 |    1193 |       4 |   0.3 |      27 |       2 |   6.9
        D:7 |    1126 |      40 |   3.4 |      13 |       1 |   7.1
        D:8 |     961 |    1049 |  52.2 |      17 |       8 |  32.0
        D:9 |    2339 |    1895 |  44.8 |      19 |      17 |  47.2
       D:10 |    2079 |       0 |   0.0 |      30 |       0 |   0.0
       D:11 |    3485 |       0 |   0.0 |      15 |       0 |   0.0
       D:12 |    5251 |     463 |   8.1 |      20 |       1 |   4.8
       D:13 |    2983 |    4951 |  62.4 |       9 |       9 |  50.0
       D:14 |    8611 |       0 |   0.0 |      16 |       0 |   0.0
       D:15 |    2545 |       0 |   0.0 |       6 |       0 |   0.0
     Lair:1 |    5831 |       0 |   0.0 |      24 |       0 |   0.0
     Lair:2 |    5192 |     502 |   8.8 |      14 |       4 |  22.2
     Lair:3 |    4342 |    1564 |  26.5 |      16 |       4 |  20.0
     Lair:4 |    6577 |    1315 |  16.7 |      17 |       4 |  19.0
     Lair:5 |   11717 |    6522 |  35.8 |      31 |      16 |  34.0
    Abyss:2 |    4082 |       0 |   0.0 |      17 |       0 |   0.0
      Sewer |       0 |     156 | 100.0 |       0 |       8 | 100.0
            +---------+---------+-------+---------+---------+-------
